Map: Ulrena

Players

biLL

  • Race: Protoss Protoss
  • League: Platinum

Burt - Winner!

  • Race: Terran Terran
  • League: Platinum

VOD

Have the link to the VOD?

Description

Time

  • Played on: Dec. 15, 2015, 11:32 p.m.
  • Length: 8:07
Show
View Real Time Build Order
Export as new Build Order

biLL Protoss 

Build Orders:  

Get SALT Encoding   

  12  0:02  Probe (Chrono Boost)  
  13  0:12  Probe (Chrono Boost)  
  14  0:23  Probe (Chrono Boost)  
  15  0:29  Pylon  
  15  0:47  Probe (Chrono Boost)  
  15  0:48  Gateway  
  16  0:57  Probe (Chrono Boost)  
  17  1:08  Probe (Chrono Boost)  
  17  1:09  Assimilator  
  18  1:15  Assimilator  
  18  1:19  Probe (Chrono Boost)  
  18  1:25  Pylon  
  19  1:29  Probe (Chrono Boost)  
  20  1:39  Cybernetics Core  
  21  1:40  Probe (Chrono Boost)  
  21  1:50  Probe (Chrono Boost)  
  21  2:04  Nexus  
  21  2:15  Gateway, Adept (Chrono Boost)  
  21  2:22  Mothership Core (Chrono Boost)  
  25  2:29  Warp Gate (Chrono Boost)  
  25  2:41  Probe (Chrono Boost)  
  26  2:46  Adept (Chrono Boost)  
  28  2:55  Probe  
  29  3:03  Robotics Facility  
  29  3:08  Adept (Chrono Boost)  
  31  3:16  Gateway  
  31  3:18  Pylon  
  31  3:26  Adept (Chrono Boost)  
  31  3:27  Probe  
  33  3:28  Probe  
  35  3:37  Probe  
  36  3:43  Gateway  
  36  3:51  Warp Prism (Chrono Boost)  
  38  4:01  Probe x2 (Chrono Boost)  
  40  4:12  Probe x2 (Chrono Boost)  
  42  4:17  Pylon  
  42  4:22  Probe (Chrono Boost)  
  42  4:23  Probe (Chrono Boost)  
  44  4:28  Observer  
  45  4:33  Probe (Chrono Boost)  
  46  4:54  Stalker  
  46  4:55  Stalker x2, Sentry  
  54  5:02  Probe (Chrono Boost)  
  54  5:03  Probe (Chrono Boost)  
  56  5:07  Pylon  
  56  5:09  Assimilator  
  56  5:11  Gateway  
  56  5:12  Gateway, Assimilator  
  56  5:13  Probe x2 (Chrono Boost)  
  58  5:23  Probe (Chrono Boost)  
  58  5:25  Immortal (Chrono Boost)  
  63  5:32  Probe (Chrono Boost), Pylon  
  64  5:37  Probe (Chrono Boost)  
  64  5:39  Adept  
  64  5:40  Adept  
  62  6:18  Pylon x2  
  60  6:19  Immortal (Chrono Boost)  
  60  6:20  Pylon  
  60  6:21  Pylon  
  46  6:36  Mothership Core  
  41  6:49  Adept  
  41  6:50  Adept x2  
  45  7:12  Pylon  
  45  7:14  Pylon  
  43  7:25  Pylon  
  43  7:26  Pylon  
  43  7:28  Pylon  
  42  7:33  Observer (Chrono Boost)  
Show
View Real Time Build Order
Export as new Build Order

Burt Terran - Winner!

Build Orders:  

Get SALT Encoding   

  12  0:01  SCV  
  13  0:13  SCV  
  14  0:17  Supply Depot  
  14  0:25  SCV  
  15  0:39  SCV  
  15  0:40  Barracks  
  16  0:47  Refinery  
  16  0:51  SCV  
  17  1:03  SCV  
  18  1:08  Supply Depot  
  18  1:13  Refinery  
  18  1:15  SCV  
  19  1:27  Marine  
  19  1:31  Orbital Command  
  20  1:47  Factory  
  20  1:52  Marine  
  21  2:01  SCV  
  22  2:10  Marine  
  22  2:13  SCV  
  24  2:20  Supply Depot  
  24  2:25  SCV  
  25  2:32  Factory Tech Lab  
  25  2:33  Barracks Reactor  
  25  2:36  Starport  
  25  2:47  Supply Depot  
  25  2:49  SCV  
  25  2:51  Siege Tank  
  28  3:01  SCV  
  29  3:12  Medivac  
  29  3:13  SCV  
  29  3:14  Marine x2  
  34  3:25  SCV  
  35  3:31  Marine  
  35  3:32  Marine  
  37  3:35  Factory Tech Lab, Supply Depot  
  37  3:37  SCV  
  38  3:43  Engineering Bay  
  38  3:50  Raven  
  38  3:52  Marine  
  38  3:53  Marine  
  42  3:56  SCV  
  43  4:03  Siege Tank  
  43  4:08  SCV  
  47  4:10  Marine x2  
  47  4:13  Missile Turret  
  47  4:15  Supply Depot  
  49  4:20  SCV  
  50  4:28  Marine x2  
  52  4:33  Banshee  
  55  4:43  Siege Tank  
  55  4:45  SCV  
  59  4:46  Marine x2  
  59  4:51  Supply Depot  
  61  5:08  Marine x2  
  63  5:16  Medivac  
  63  5:20  SCV  
  66  5:25  Marine  
  66  5:26  Marine  
  68  5:33  SCV  
  69  5:36  Command Center  
  69  5:45  SCV  
  70  5:54  Marine x2  
  70  5:59  Siege Tank  
  65  6:12  Marine x2  
  55  7:09  Orbital Command  
Tags
 
Add a new tag
Caveats
  • Supply blocks, unpowered buildings, or Contaminate may cause inaccurate times.
  • Supply counts are checked every 10 seconds.